Unix NetHack Version 5.0.0-0 post-release - last build May 31 2026 23:59:36 (970b52f25bf058293b47ddfd14a1e40e571c508c,branch:main).

Game began 2026-06-08 10:36:55, ended 2026-06-08 11:00:31.

LDaviesPeters, neutral male human Archeologist

                   ---
            --     |*.
            .|     |..-----
            .|  ----....|.-
           -.| --..........
           |.| |...........
           |.|   .........-
         ---.|    -.......|
          ...----  .(.....--          -
          -....)--  -......--       ..|
          |..--..|----......----- ....| -   -
       ----...--.|.............@G.........e.|
       |...........---......----GG....e....-
      --.......)..)%|..^....|   -)G........#
      |.....................#     .........-
      --.<---.---..........--     -G.........
       ---- --- --........--        .........-
                 --.......|          .........|
                  |.`..[.--          -..----.--
                  --.|.---            ---   --
                   -----
LDaviesPeters the Field Worker  St:12 Dx:15 Co:14 In:16 Wi:12 Ch:8  Neutral
Dlvl:4  $:0  HP:0(30) Pw:14(14) AC:5  Xp:4 T:1962 

Latest messages:
 You miss the dwarf.
 The dwarf thrusts her broad short sword.
 The dwarf just misses!
 You miss the dwarf.
 The dwarf thrusts her broad short sword.
 The dwarf hits!
 You miss the dwarf.
 You lash the dwarf.
 You miss the dwarf.
 You kill the dwarf!
 A cloud of gas puts you to sleep!
 You wake up.
 G - 2 apples.
 H - 2 food rations.
 I - a key.
 The lichen touches you!
 You kill the lichen!
 You see here a lichen corpse.
 There is a lichen corpse here; eat it? [ynq] (n) y
 This lichen corpse tastes okay.
 You finish eating the lichen corpse.
 What do you want to adjust? [abdf-jmopuEG-I or ?*] ?
 Adjust letter to what [ceklnq-tv-zA-DFI-Z] (? see used letters)? k
 Moving: k - a key.
 The gnome wields a thonged club!
 The gnome secures the tether on the thonged club.
 A cloud of gas puts you to sleep!
 The gnome hits!
 The gnome swings his thonged club.
 The gnome hits!
 The gnome hits!
 The gnome lord shoots 2 arrows!
 The 1st arrow hits the gnome.
 The 2nd arrow hits the gnome.
 The gnome throws a dagger!
 The dagger hits the gnome.
 The gnome is killed!
 The gnome swings his thonged club.
 The gnome just misses!
 The gnome hits!
 The gnome swings his thonged club.
 The gnome hits!
 The gnome swings his thonged club.
 The gnome hits!
 You die...
 Do you want your possessions identified? [ynq] (y) y
 Do you want to see your attributes? [ynq] (y) y
 Do you want an account of creatures vanquished? [ynaq] (y) n
 Do you want to see your conduct and achievements? [ynq] (y) y
 Do you want to see the dungeon overview? [ynq] (y) n

Inventory:
 Weapons  (')')
  u - a +0 dagger
  o - a +1 orcish dagger
  j - a +0 orcish dagger
  a - a +2 bullwhip (weapon in right hand)
 Armor    ('[')
  i - an uncursed +1 orcish helm (being worn)
  E - an uncursed +0 pair of iron shoes (being worn)
  h - an uncursed +0 leather jacket (being worn)
 Comestibles  ('%')
  G - 2 cursed apples
  d - 5 uncursed food rations
  H - 2 cursed food rations
 Tools    ('(')
  b - an uncursed sack containing 8 items
  p - a +0 pick-axe (alternate weapon; not wielded)
  k - a cursed skeleton key
  m - an uncursed tin opener
  f - a tinning kit (0:56)
 Gems/Stones  ('*')
  g - an uncursed touchstone

Contents of the sack:
  36 gold pieces
  an uncursed scroll of amnesia
  an uncursed scroll of blank paper
  a cursed scroll of enchant weapon
  an uncursed potion of gain energy
  an uncursed potion of healing
  an uncursed potion of paralysis
  an uncursed potion of sleeping

LDaviesPeters the Archeologist's attributes:

Background:
 You were a Field Worker, a level 4 male human Archeologist.
 You were neutral, on a mission for Camaxtli
 who was opposed by Quetzalcoatl (lawful) and Huhetotl (chaotic).
 You started out female.
 You were right-handed.
 You were in the Gnomish Mines, on level 4.
 You entered the dungeon 1962 turns ago.
 You had 126 experience points, 34 more were needed to attain level 5.

Basics:
 You had 0 out of 30 hit points.
 You had all 14 energy points (spell power).
 Your armor class was 5.
 Your wallet was empty, but
 you had 36 zorkmids stashed away in your pack.
 Autopickup was off.

Final Characteristics:
 Your strength was 12 (limit:18/100).
 Your dexterity was 15 (limit:18).
 Your constitution was 14 (limit:18).
 Your intelligence was 16 (limit:18).
 Your wisdom was 12 (limit:18).
 Your charisma was 8 (limit:18).

Final Status:
 You weren't hungry.
 You were unencumbered.
 You were wielding a whip.
 You had basic skill with whip.

Final Attributes:
 You were devoutly aligned.
 You had automatic searching.
 You are dead.

Miscellaneous:
 You didn't encounter any bones levels.
 Total elapsed playing time was 23 minutes and 35 seconds.

Major events:
 Turn
    1: LDaviesPeters the neutral female human Archeologist entered the dungeon
  710: attained the rank of Field Worker (level 3)
 1532: entered the Gnomish Mines
 1962: killed by a gnome, while sleeping

Spells:
 Name                 Level Category     Fail Retention
 stone to flesh         3   healing      100%  76%-100%
 healing                1   healing       47%  76%-100%

Skills:
 Fighting Skills
   bare handed combat [Unskilled]
   two weapon combat  [Unskilled]
   riding             [Unskilled]
 Weapon Skills
   dagger             [Unskilled]
   knife              [Unskilled]
   pick-axe           [Basic]
   short sword        [Unskilled]
   saber              [Unskilled]
   club               [Unskilled]
   quarterstaff       [Unskilled]
   sling              [Unskilled]
   dart               [Unskilled]
   boomerang          [Unskilled]
   whip               [Basic]
   unicorn horn       [Unskilled]
 Spellcasting Skills
   attack spells      [Unskilled]
   healing spells     [Unskilled]
   divination spells  [Unskilled]
   matter spells      [Unskilled]

Voluntary challenges:
 Character rerolling was not enabled.
 You never genocided any monsters.
 You never polymorphed an object.
 You never changed form.
 You used no wishes.
Achievements:
 You attained the rank of Field Worker.
 You entered the Gnomish Mines.

 The Dungeons of Doom: levels 1 to 3
    Level 1:
       A fountain.
    Level 2:
       Many altars, a fountain.
    Level 3:
       Stairs down to The Gnomish Mines.
 The Gnomish Mines:
    Level 4: <- You were here.
       Final resting place for
          you, killed by a gnome, while sleeping.


Vanquished creatures:
  2 dwarves
  2 coyotes
  a hobbit
  a hobgoblin
  a giant rat
  a yellow mold
  5 gnomes
  3 geckos
  7 jackals
  2 foxes
  a kobold
  2 goblins
  5 grid bugs
  7 lichens
  2 kobold zombies
  3 newts
45 creatures vanquished.

No species were genocided or became extinct.

Game over:
                       ----------
                      /          \
                     /    REST    \
                    /      IN      \
                   /     PEACE      \
                  /                  \
                  |  LDaviesPeters   |
                  |      36 Au       |
                  |   killed by a    |
                  |      gnome       |
                  |                  |
                  |                  |
                  |       2026       |
                 *|     *  *  *      | *
        _________)/\\_//(\/(/\)/\//\/|_)_______

Goodbye LDaviesPeters the Archeologist...

You died in The Gnomish Mines on dungeon level 4 with 687 points,
and 36 pieces of gold, after 1962 moves.
You were level 4 with a maximum of 30 hit points when you died.

